 Dungeon Crawl Stone Soup version 0.27.1-34-g3ba077fa99 (webtiles) character file.

Game seed: 17764130212383977361

10 Akaron the Chopper (level 2, 0/21 HPs)
             Began as an Octopode Berserker on Jan 22, 2022.
             Was a Follower of Trog.
             Slain by a jackal (1 damage)
             ... on level 1 of the Dungeon.
             The game lasted 00:00:25 (296 turns).

Akaron the Chopper (Octopode Berserker)              Turns: 296, Time: 00:00:25

Health: 0/21       AC:  1    Str: 16    XL:     2   Next: 20%
Magic:  2/2        EV: 13    Int:  9    God:    Trog [*.....]
Gold:   0          SH:  0    Dex: 11    Spells: 1/1 levels left

rFire    . . .     SeeInvis .   a - +0 hand axe
rCold    . . .     Faith    .   (no shield)
rNeg     . . .     Spirit   .   (helmet restricted)
rPois    .         Reflect  .   (no amulet)
rElec    .         Harm     .   (no ring)
rCorr    .         Rampage  .   (no ring)
Will     .....                  (no ring)
Stlth    ++........             (no ring)
HPRegen  0.07/turn              (no ring)
MPRegen  0.08/turn              (no ring)
                                (no ring)
                                (no ring)

@: no status effects
A: almost no armour, amphibious, 8 rings, camouflage 1, gelatinous body 1,
(nimble swimmer 1), tentacles
a: Renounce Religion, Berserk


You were on level 1 of the Dungeon.
You worshipped Trog.
Trog was aware of your devotion.
You visited 1 branch of the dungeon, and saw 1 of its levels.

Inventory:

Hand Weapons
 a - a +0 hand axe (weapon)
Scrolls
 d - a scroll of identify {unknown}
Potions
 b - a potion of magic {unknown}
 c - a potion of heal wounds {unknown}


   Skills:
 + Level 3.2 Fighting
 + Level 3.2 Axes
 + Level 3.1 Dodging
 + Level 0.1 Stealth


You had one spell level left.
You didn't know any spells.
Your spell library was empty.

Dungeon Overview and Level Annotations

Branches:
Dungeon (1/15)

Altars:


Innate Abilities, Weirdness & Mutations

You cannot wear most types of armour.
You are amphibious.
You can wear up to eight rings at the same time.
Your skin changes colour to match your surroundings (Stealth+).
Your rubbery body absorbs attacks. (AC +1, EV +1)
((You are camouflaged near water. (Stealth+)))
You have tentacles for arms and can constrict up to eight enemies at once.


Message History

You hit the jackal but do no damage. You barely miss the jackal.
You constrict the jackal, but do no damage.
The jackal bites you but does no damage.
The endoplasm hits you. The jackal bites you. x2
You hit the jackal. Your grab misses the jackal.
The jackal is moderately wounded.
You hit the endoplasm but do no damage. You hit the jackal.
You constrict the jackal. The jackal barely misses you.
The endoplasm hits you but does no damage.
The jackal barely misses you.
You hit the endoplasm. Your squeeze misses the endoplasm.
The endoplasm is almost dead.
You hit the jackal.
You kill the jackal!
Trog accepts your kill.
You closely miss the jackal. The endoplasm barely misses you.
The jackal bites you but does no damage.
The jackal bites you.
You slash the jackal!
You kill the jackal!
Trog accepts your kill.
You hit the endoplasm.
You kill the endoplasm!
Trog accepts your kill.
You closely miss the jackal. The jackal closely misses you.
The jackal bites you.
You have reached level 2!
You hit the hobgoblin.
You kill the hobgoblin!
Trog accepts your kill.
You miss the jackal. The jackal barely misses you.
You closely miss the jackal. Your grab misses the jackal. The jackal bites you.
* * * LOW HITPOINT WARNING * * *
The jackal closely misses you.
You closely miss the jackal. Your grab misses the jackal.
The jackal closely misses you. The jackal bites you.
* * * LOW HITPOINT WARNING * * *
You closely miss the jackal. Your grab misses the jackal.
Your squeeze misses the jackal. The jackal bites you.
You die...

###.....###..
.......#... .
##
......#.....
...#..........
. ........#.#
..
#.....#..#..
####
#..†h......
#... #@#..#
#...
..####...#
#.<. #...^...#
#...
....#####.##
#... .. #..#
#### ##.#
##### #.#
#.... #.##
#.8.. #..##
#....


You could see a jackal.

Vanquished Creatures
  An endoplasm (D:1)
  2 hobgoblins (D:1)
  3 jackals (D:1)
  A ball python (D:1)
  2 rats (D:1)
9 creatures vanquished.

Notes
Turn   | Place    | Note
-------+----------+-------------------------------------------
     0 | D:1      | Akaron the Octopode Berserker began the quest for the Orb.
     0 | D:1      | Reached XP level 1. HP: 16/16 MP: 1/1
   293 | D:1      | Reached XP level 2. HP: 7/21 MP: 2/2
   295 | D:1      | HP: 1/21 [jackal (3)]
   296 | D:1      | Slain by a jackal

Illustrated notes

Levels and vault maps discovered:
D:1:      dpeg_arrival_rooms_c, layout_rooms, ebering_ecumenical_altar_abandoned

Action                   || total
-------------------------++-------
Melee: Hand axe          ||    19
       Constrict         ||     2
 Stab: Sleeping          ||     2
Armor: Skin              ||     3
Dodge: Dodged            ||    16
